 Dungeon Crawl Stone Soup version 0.31-a0-155-gb63f529262 (webtiles) character file.

Game seed: 14763680833969917855

16 Ijustatesigmund the Stinger (level 2, -18/18 HPs)
             Began as an Octopode Venom Mage on June 12, 2023.
             Demolished by a mana viper (shapeshifter) (22 damage)
             ... on level 2 of the Dungeon.
             The game lasted 00:02:17 (900 turns).

Ijustatesigmund the Stinger (Octopode Venom Mage)    Turns: 900, Time: 00:02:17

Health: -18/18     AC:  1    Str:  7    XL:     2   Next: 58%
Magic:  2/5        EV: 13    Int: 17    God:
Gold:   34         SH:  0    Dex: 12    Spells: 2/5 levels left

rFire   . . .        d - +0 spear (chaos)
rCold   . . .        (no shield)
rNeg    . . .        (helmet restricted)
rPois   .            (no amulet)
rElec   .            (no ring)
rCorr   .            (no ring)
SInv    .            (no ring)
Will    .....        (no ring)
Stlth   +++          (no ring)
HPRegen 0.23/turn    (no ring)
MPRegen 0.09/turn    (no ring)
                     (no ring)

%: no passive effects
@: brilliant
A: almost no armour, amphibious, 8 rings, camouflage 1, gelatinous body 1,
(nimble swimmer 1), tentacles
a: no special abilities


You were on level 2 of the Dungeon.
You visited 1 branch of the dungeon, and saw 2 of its levels.

You collected 34 gold pieces.

Inventory:

Hand Weapons
 d - a +0 spear of chaos (weapon)
Scrolls
 b - a scroll of identify {unknown}
Potions
 a - a potion of magic


   Skills:
 + Level 1.0 Fighting
 - Level 2.0 Dodging
 - Level 2.6 Stealth
 + Level 2.3 Spellcasting
 - Level 1.0 Transmutations
 + Level 0.4 Air Magic
 + Level 3.9 Poison Magic


You had 2 spell levels left.
You knew the following spells:

 Your Spells              Type           Power      Damage    Failure   Level
a - Sting                 Tmut/Pois      60%        1d6       7%          1
b - Poisonous Vapours     Pois/Air       28%        N/A       12%         2

Your spell library contained the following spells:

 Spells                   Type           Power      Damage    Failure   Level
 Sandblast                Erth           4%         2d4       19%         1
 Passwall                 Tmut/Erth      4%         N/A       24%         2
 Mephitic Cloud           Conj/Pois/Air  10%        N/A       30%         3
 Olgreb's Toxic Radiance  Pois           23%        N/A       36%         4
 Stone Arrow              Conj/Erth      4%         3d7       50%         3


Dungeon Overview and Level Annotations

Branches:
Dungeon (2/15)

Altars:


Innate Abilities, Weirdness & Mutations

You cannot wear most types of armour.
You are amphibious.
You can wear up to eight rings at the same time.
Your skin changes colour to match your surroundings (Stealth+).
Your rubbery body absorbs attacks. (AC +1, EV +1)
((You are camouflaged when in or above water. (Stealth+)))
You have tentacles for arms and can constrict up to eight enemies at once.


Message History

You hit the ball python but do no damage.
Your grab misses the ball python.
The ball python is heavily wounded.
The ball python closely misses you. The ball python barely misses you. x2
The ball python grabs you. The ball python constricts you.
You hit the ball python. The shapeshifter loses its grip on you.
The ball python changes into a shapeshifter!
Your grab misses the shapeshifter.
The shapeshifter is moderately wounded.
The shapeshifter changes into a spriggan!
Your magical contamination has completely faded away.
You barely miss the spriggan. Your grab misses the spriggan.
Your squeeze misses the spriggan. You miss the spriggan. You grab the spriggan.
You constrict the spriggan. The spriggan hits you! The spriggan hits you.
* * * LOW HITPOINT WARNING * * *
You are too injured to fight recklessly!
You are too injured to fight recklessly!
You are too injured to fight recklessly!
You are too injured to fight recklessly!
You are too injured to fight recklessly!
You are too injured to fight recklessly!
It was a potion of brilliance.
You feel clever all of a sudden.
You constrict the spriggan. The spriggan barely misses you.
You barely miss the spriggan. Your squeeze misses the spriggan.
The spriggan is lightly wounded.
You constrict the spriggan.
You lose your grip on the mana viper.
The spriggan changes into a mana viper!
You barely miss the mana viper. You grab the mana viper.
You squeeze the mana viper.
The mana viper is lightly wounded.
You constrict the mana viper. The mana viper barely misses you.
You hit the mana viper but do no damage.
You squeeze the mana viper!
The mana viper is moderately wounded.
You constrict the mana viper. The mana viper misses you.
The mana viper bites you!!
Ouch! That really hurt!
You die...

### ### #.. ..# #.# #.#
#.# #.# #.# ####.######
##.###.........#
######...#...#.####.#
...[.......[...####.#####
######...#.#.#..@SB.....#
##...###...###.###.#
####.#.##.# #.# #.####
#.# #.# #.###g...# # #'#
#.# #...$..S.# ## . . #.#
#####.)B.# .## . .#.#
#.#.## #.## .. ... ..#.#
...#### ..##.#


You could see a mana viper shaped shifter and a giant cockroach.

Vanquished Creatures
  A dart slug (D:1)
  An orc (D:2)
  An endoplasm (D:1)
  A giant cockroach (D:1)
  A hobgoblin (D:2)
  A kobold (D:2)
  5 ball pythons (D:1)
  A bat (D:1)
  A frilled lizard (D:1)
13 creatures vanquished.

Notes
Turn   | Place    | Note
-------+----------+-------------------------------------------
     0 | D:1      | Ijustatesigmund the Octopode Venom Mage began the quest for
                  | the Orb.
     0 | D:1      | Reached XP level 1. HP: 11/11 MP: 3/3
   250 | D:1      | Reached XP level 2. HP: 10/18 MP: 1/5
   395 | D:1      | Learned a level 2 spell: Poisonous Vapours
   876 | D:2      | Reached skill level 1 in Fighting
   894 | D:2      | a ball python changed into a shapeshifter
   894 | D:2      | Noticed a shapeshifter (shapeshifter)
   894 | D:2      | a shapeshifter changed into a spriggan
   894 | D:2      | Noticed a spriggan (shapeshifter)
   898 | D:2      | a spriggan changed into a mana viper
   898 | D:2      | Noticed a mana viper (shapeshifter)
   900 | D:2      | Demolished by a mana viper (shapeshifter)

Illustrated notes

Levels and vault maps discovered:
D:1:      spicycebolla_arrival_risky_transporter, layout_rooms,
          minmay_misc_feat_tiny
D:2:      layout_loops_corners, nicolae_kite_square_tiling_tiny, minmay_unequal,
          uniq_sigmund

Skill      XL: |  1  2 |
---------------+-------+-----
Fighting       | 1 |  1.0
Dodging        | |  2.0
Stealth        | |  2.6
Spellcasting   | |  2.3
Transmutations | |  1.0
Air Magic      | |  0.4
Poison Magic   | |  3.9

Action                     || total
---------------------------++-------
  Melee: Unarmed           ||     2
         Constrict         ||     6
         Spear             ||    21
         Tentacles         ||     6
         Falchion          ||     1
   Cast: Sting             ||     8
         Poisonous Vapours ||     3
    Use: Scroll            ||     4
         Potion            ||     1
   Stab: Sleeping          ||     2
  Dodge: Dodged            ||    20

Table legend: (Time is in decaauts)
 A = Elapsed time spent in this place.
 B = Non-inter-level travel time spent in this place.
 C = Inter-level travel time spent in this place.
 D = Time resting spent in this place.
 E = Time spent auto-exploring this place.
 F = Levels seen in this place.
 G = Mean time per level.
                   A        B        C        D        E       F      G
               +--------+--------+--------+--------+--------+-----+--------+
         Total |    902 |    839 |     63 |    288 |    412 |   2 |  451.0 |
       Dungeon |    902 |    839 |     63 |    288 |    412 |   2 |  451.0 |
               +--------+--------+--------+--------+--------+-----+--------+

Top non-repeatable levels by time:
     D:1: 765 daAuts
     D:2: 136 daAuts
